 Dungeon Crawl Stone Soup version 0.21-a0-531-gacddea6133 (webtiles) character file.

15 Banto the Skirmisher (level 2, 0/29 HPs)
             Began as a Demigod Wanderer on Dec 12, 2017.
             Slain by a goblin
             ... wielding a +0 dagger
              (3 damage)
             ... on level 1 of the Dungeon.
             The game lasted 00:00:20 (82 turns).

Banto the Skirmisher (Demigod Wanderer)               Turns: 82, Time: 00:00:21

Health: 0/29       AC:  2    Str: 14    XL:     2   Next: 21%
Magic:  4/4        EV: 12    Int: 17    God:
Gold:   0          SH:  0    Dex: 15    Spells: 1/1 levels left

rFire    . . .     SeeInvis .   a - +2 falchion
rCold    . . .     Gourm    .   (no shield)
rNeg     . . .     Faith    .   d - +0 robe
rPois    .         Spirit   .   (no helmet)
rElec    .         Reflect  .   (no cloak)
rCorr    .         Harm     .   (no gloves)
MR       .....                  (no boots)
Stlth    ++........             (no amulet)
HPRegen  0.09/turn              (no ring)
MPRegen  0.09/turn              (no ring)

@: no status effects
A: high mp 1
a: no special abilities


You were on level 1 of the Dungeon.
You were not hungry.

You visited 1 branch of the dungeon, and saw 1 of its levels.

Inventory:

Hand Weapons
 a - a +2 falchion (weapon)
 e - a +0 dagger
Armour
 d - a +0 robe (worn)
Scrolls
 b - a scroll of teleportation
Potions
 c - a potion of lignification
 g - a potion of curing {unknown}
Comestibles
 f - a bread ration
 h - 2 chunks of flesh


   Skills:
 + Level 5.0 Fighting
 + Level 1.0 Long Blades
 + Level 1.0 Armour
 + Level 1.0 Dodging
 + Level 1.8 Stealth


You had one spell level left.
You didn't know any spells.

Dungeon Overview and Level Annotations

Branches:
Dungeon (1/15)


Innate Abilities, Weirdness & Mutations

You have an increased reservoir of magic. (+10% MP)


Message History

* * * LOW HITPOINT WARNING * * *
You hit the hobgoblin.
The hobgoblin is heavily wounded.
The bat hits you but does no damage. x2; The hobgoblin hits you.
* * * LOW HITPOINT WARNING * * *
The bat barely misses you.
You riposte.
You closely miss the bat. The hobgoblin closely misses you.
You take 3 damage, and have 4/29 hp.
You barely miss the hobgoblin.
The hobgoblin is heavily wounded.
The bat hits you but does no damage. The goblin hits you with a dagger.
* * * LOW HITPOINT WARNING * * *
The hobgoblin closely misses you.
You riposte.
You barely miss the hobgoblin.
The hobgoblin is heavily wounded.
You take 1 damage, and have 3/29 hp.
You barely miss the hobgoblin.
The hobgoblin is heavily wounded.
The bat barely misses you. The bat hits you but does no damage.
The goblin hits you with a dagger.
You die...

.......# ......#
.....####### #
........... #.#.
.K........ #.#.#
#l#.......
....######.g......>
##...#.....@b......
.>.....#...g.......
#..[#.###.......
#.......######.[
##...##.# # .#
#.)## ... .#
#..#####.. .#
#.....# ### .#
##.###.#


You could see a hobgoblin, a goblin, a bat, a kobold and a frilled lizard.

Vanquished Creatures
  A gnoll (D:1)
  A goblin (D:1)
  2 hobgoblins (D:1)
  2 rats (D:1)
6 creatures vanquished.

Notes
Turn   | Place    | Note
-------+----------+-------------------------------------------
     0 | D:1      | Banto the Demigod Wanderer began the quest for the Orb.
     0 | D:1      | Banto set off with: a +2 falchion, a scroll of teleportation, a potion of lignification, a +0 robe, a +0 dagger, a bread ration
     0 | D:1      | Reached XP level 1. HP: 22/22 MP: 3/3
    43 | D:1      | Reached XP level 2. HP: 8/28 MP: 4/4
    57 | D:1      | Reached skill level 5 in Fighting
    82 | D:1      | Slain by a goblin

Vault maps used:
D:1:      zaba_arrival_water

Skill      XL: |  1  2 |
---------------+-------+-----
Fighting       | 5 |  5.0
Long Blades    | |  1.0
Armour         | |  1.0
Dodging        | |  1.0
Stealth        | |  1.8

Action                   || total
-------------------------++-------
Melee: Falchion          ||    16
 Stab: Sleeping          ||     2
Armor: Robe              ||     5
Dodge: Dodged            ||    12
       Rpst.: Falchion   ||     4

Table legend:
 A = Spawn XP
 B = Non-spawn XP
 C = Spawn XP percentage of total XP
 D = Spawn monster count
 E = Non-spawn monster count
 F = Spawn count percentage of total count
 G = Total turns spent on level
                    A         B        C        D         E        F      G
               +---------+---------+-------+---------+---------+-------+---------
         Total |       0 |      22 |   0.0 |       0 |       6 |   0.0 |    82
               +---------+---------+-------+---------+---------+-------+---------
           D:1 |       0 |      22 |   0.0 |       0 |       6 |   0.0 |    82
               +---------+---------+-------+---------+---------+-------+---------

Table legend:
 A = Turns spent in this place as a percentage of turns spent in the entire game.
 B = Non-inter-level travel turns spent in this place as a percentage of non-inter-level travel turns spent in the entire game.
 C = Inter-level travel turns spent in this place as a percentage of turns spent in this place.
 D = Turns resting spent in this place as a percentage of non-inter-level travel turns spent in this place.
 E = Turns spent auto-exploring this place as a percentage of non-inter-level travel turns spent in this place.
 F = Non-inter-level travel turns spent in this place divided by the number of levels of this place that you've seen.
                   A       B       C       D       E      F
               +-------+-------+-------+-------+-------+----------------------
         Total | 100.0 | 100.0 |   0.0 |   0.0 |  25.6 |  82.0
       Dungeon | 100.0 | 100.0 |   0.0 |   0.0 |  25.6 |  82.0
               +-------+-------+-------+-------+-------+----------------------

Table legend:
 A = Kills in this place as a percentage of kills in entire the game.
 B = Kills by you in this place as a percentage of kills by you in the entire game.
 C = Kills by friends in this place as a percentage of kills by friends in the entire game.
 D = Other kills in this place as a percentage of other kills in the entire game.
 E = Experience gained in this place as a percentage of experience gained in the entire game.
 F = Experience gained in this place divided by the number of levels of this place that you have seen.
                   A       B       C       D       E      F
               +-------+-------+-------+-------+-------+----------------------
         Total | 100.0 | 100.0 |   N/A |   N/A | 100.0 |  22.0
       Dungeon | 100.0 | 100.0 |   N/A |   N/A | 100.0 |  22.0
               +-------+-------+-------+-------+-------+----------------------
